 Dungeon Crawl Stone Soup version 0.20-a0-9-g62d82d9 (webtiles) character file.

84 patrickswayze the Cudgeler (level 4, 0/31 HPs)
             Began as an Octopode Fighter on Nov 1, 2016.
             Slain by a gnoll
             ... wielding a +0 spear
              (5 damage)
             ... on level 2 of the Dungeon.
             The game lasted 00:03:39 (2653 turns).

patrickswayze the Cudgeler (Octopode Fighter)       Turns: 2653, Time: 00:03:40

Health: 0/31       AC:  1    Str: 15    XL:     4   Next: 46%
Magic:  4/4        EV: 11    Int: 11    God:
Gold:   138        SH:  8    Dex: 11    Spells: 0 memorised, 3 levels left

rFire  . . .     SeeInvis .     a - +0 flail
rCold  . . .     Gourm    .     b - +0 shield
rNeg   . . .     Faith    .     (helmet restricted)
rPois  .         Spirit   .     (no amulet)
rElec  .         Reflect  .     (no ring)
rCorr  .         Harm     .     (no ring)
MR     .....                    (no ring)
Stlth  ++........               (no ring)
                                (no ring)
                                (no ring)
                                (no ring)
                                (no ring)

@: no status effects
A: almost no armour, stealthy swim, amphibious, 8 rings, constrict 8, camouflage
1, gelatinous body 1
a: no special abilities


You were on level 2 of the Dungeon.
You were not hungry.

You visited 1 branch of the dungeon, and saw 3 of its levels.

You collected 138 gold pieces.


Innate Abilities, Weirdness & Mutations

You cannot wear most types of armour.
You are very stealthy in the water. (Stealth+)
You are amphibious.
You can wear up to eight rings at the same time.
You can use your tentacles to constrict eight enemies at once.
Your skin changes colour to match your surroundings (Stealth+).
Your rubbery body absorbs attacks. (AC +1, EV +1)


   Skills:
 - Level 3.0 Fighting
 + Level 4.5 Maces & Flails
 - Level 3.0 Dodging
 - Level 3.0 Shields


You had 3 spell levels left.
You didn't know any spells.

Inventory:

Hand Weapons
 a - a +0 flail (weapon)
Armour
 b - a +0 shield (worn)
Jewellery
 i - an uncursed ring of stealth {unknown}
Scrolls
 d - a scroll of identify {unknown}
 e - a scroll of fog {unknown}
 f - 3 scrolls of remove curse {unknown}
 j - 2 scrolls of blinking {unknown}
 l - 2 scrolls of teleportation {unknown}
 n - a scroll of enchant armour {unknown}
Potions
 c - 2 potions of might
 g - a potion of berserk rage {unknown}
 k - 2 potions of degeneration {unknown}
 m - 2 potions of agility
Comestibles
 h - 2 meat rations
 o - 2 bread rations
 p - a royal jelly
 q - a beef jerky
 r - a chunk of flesh


Message History

You climb downwards.
Level annotation: Grinder
There is a stone staircase leading up here.
Unknown command.
The gnoll hits you with a spear.
There is a stone staircase leading up, spattered with blood here.
You block the gnoll's attack.
The gnoll hits you from afar with a spear.
You climb upwards.
There is a stone staircase leading down here.
You barely miss the gnoll. You grab the gnoll. You constrict the gnoll.
The gnoll hits you with a spear!
You are too injured to fight recklessly!
You are too injured to fight recklessly!
You hit the gnoll.
The gnoll is moderately wounded.
You constrict the gnoll. The gnoll hits you with a spear!
* * * LOW HITPOINT WARNING * * *
The gnoll hits you with a spear.
You die...

########## ###
#........#####g##
#.###.........@.###### #####
#........<...........# #.(.#
#..##.##.###.....##### ###.#.##
#..#.....# #...#.##_####...#)..
#..#..##.###...#.##'##...#####.
#..#.............#...###...#...
#........#####'###...# #.#.#.#.
##.......# ##...##...# #.#...#.
###)#######.....#...# #.##..#.


You could see a gnoll.

Vanquished Creatures
  2 adders (D:2)
  3 dart slugs
  4 orcs
  8 bats
  2 giant cockroaches
  8 hobgoblins
  6 kobolds
  2 quokkas
  8 frilled lizards
  6 goblins
  3 rats
52 creatures vanquished.

Notes
Turn   | Place    | Note
-------+----------+-------------------------------------------
     0 | D:1      | patrickswayze the Octopode Fighter began the quest for the Orb.
     0 | D:1      | Reached XP level 1. HP: 16/16 MP: 1/1
   225 | D:1      | Reached XP level 2. HP: 21/21 MP: 2/2
   289 | D:1      | Reached skill level 3 in Maces & Flails
   719 | D:2      | Reached XP level 3. HP: 23/26 MP: 3/3
   763 | D:2      | Found a deep blue altar of Sif Muna.
   946 | D:2      | Found a burning altar of Makhleb.
  1084 | D:2      | HP: 5/26 [poisoned by an adder]
  1534 | D:2      | Reached skill level 4 in Maces & Flails
  1775 | D:2      | Reached XP level 4. HP: 30/31 MP: 4/4
  2075 | D:3      | Noticed Grinder
  2653 | D:2      | HP: 5/31 [gnoll/spear (8)]
  2653 | D:2      | Slain by a gnoll

Vault maps used:
D:1:      dpeg_arrival_simpleton_a, minmay_close_crescents
D:2:      lemuel_blue_sif_altar, overflow_temple_1_default
D:3:      first_bread, uniq_grinder

Action                   |  1- 3 |  4- 6 || total
-------------------------+-------+-------++-------
Melee: Flail             |    74 |    33 ||   107
       Constrict         |    21 |     7 ||    28
       Tentacles         |    10 |     9 ||    19
  Use: Potion            |     2 |       ||     2
 Stab: Sleeping          |     8 |     1 ||     9
  Eat: Chunk             |     1 |     1 ||     2
       Bread ration      |       |     1 ||     1
Armor: Skin              |     4 |     4 ||     8
Dodge: Dodged            |    23 |    15 ||    38
Block: Shield            |    39 |    18 ||    57
